 Dungeon Crawl Stone Soup version 0.31-a0-506-g3d79149578 (webtiles) character file.

Game seed: 13122729532219242767

875 MacCMillion the Grappler (level 7, -28/66 HPs)
             Began as a Troll Shapeshifter on Aug 9, 2023.
             Annihilated by an ogre
             ... wielding a +0 giant spiked club
              (33 damage)
             ... on level 4 of the Dungeon.
             The game lasted 00:04:45 (3343 turns).

MacCMillion the Grappler (Troll Shapeshifter)       Turns: 3343, Time: 00:04:46

Health: -28/66     AC: -8    Str: 26    XL:     7   Next: 74%
Magic:  6/6        EV:  9    Int:  4    God:
Gold:   255        SH:  0    Dex: 10    Spells: 6/6 levels left

rFire   . .          .
                       - Unarmed
rCold   . . .        (no shield)
rNeg    . . .        a - +0 animal skin
rPois   .            (helmet currently unavailable)
rElec   .            (cloak currently unavailable)
rCorr   .            (gloves unavailable)
SInv    .            (boots unavailable)
Will    +....        (no amulet)
Stlth   +            k - ring of willpower
HPRegen 1.11/turn    (no ring)
MPRegen 0.10/turn

%: no passive effects
@: beast-form, corroded
A: beast (slay +2), large, unfitting armour, claws 3, regeneration 1, shaggy fur
1, tough skin 1
a: Begin Untransformation


You were on level 4 of the Dungeon.
You were a hulking beast.
You visited 2 branches of the dungeon, and saw 6 of its levels.

You collected 275 gold pieces.
You spent 20 gold pieces at shops.

Inventory:

Missiles
 p - 8 poisoned darts
 t - 3 javelins
Armour
 a - a +0 animal skin (worn)
Jewellery
 k - a ring of willpower (left claw)
 s - an amulet of reflection
Talismans
 c - a beast talisman (active)
 d - a flux talisman
 j - a storm talisman
Wands
 y - a wand of quicksilver (9)
Scrolls
 f - 2 scrolls of silence {unknown}
 g - a scroll of torment {unknown}
 h - 2 scrolls of fear {unknown}
 i - a scroll of teleportation {unknown}
 m - a scroll of revelation {unknown}
 n - 2 scrolls of enchant armour {unknown}
 u - a scroll of fog {unknown}
 v - a scroll of enchant weapon {unknown}
 z - a scroll of amnesia {unknown}
Potions
 b - 2 potions of lignification
 e - a potion of mutation
 l - a potion of curing {unknown}
 o - a potion of resistance {unknown}
 q - a potion of attraction {unknown}
 r - a potion of cancellation {unknown}
 w - 2 potions of might {unknown}
 x - a potion of enlightenment {unknown}


   Skills:
 + Level 2.3 Fighting
 - Level 1.5 Dodging
 + Level 8.4 Unarmed Combat
 + Level 3.7 Shapeshifting


You had 6 spell levels left.
You didn't know any spells.
Your spell library contained the following spells:

 Spells                   Type           Power      Damage    Failure   Level
 Blink                    Tloc           0%         N/A       65%         2
 Lesser Beckoning         Tloc           0%         N/A       65%         2
 Momentum Strike          Conj/Tloc      0%         3d8       65%         2


Dungeon Overview and Level Annotations

Branches:
Dungeon (5/15)             Temple (1/1) D:4

Altars:
Cheibriados
Dithmenos
Gozag
Hepliaklqana
Nemelex Xobeh
Qazlal
Sif Muna
Wu Jian
Xom
Zin
The Shining One

Shops:
D:1 ![*


Innate Abilities, Weirdness & Mutations

You are a hulking beast.
Your limbs bulge with bestial killing power. (Slay +2)
You are too large for most types of armour.
You have claws for hands.
Your natural rate of healing is unusually fast.
You are covered in fur. (AC +1)
You have tough skin. (AC +1)


Message History

The jelly hits you. The acid corrodes you!
You are splashed with acid!
The gnoll moves out of view.
A gnoll comes into view. It is wielding a +0 halberd.
The gnoll shouts!
The ogre shouts!
You claw the jelly! The acid corrodes you!
Your claws burn!
You claw the jelly.
The jelly is severely wounded.
The jelly hits you. The acid corrodes you!
You are splashed with acid!
You scratch the jelly.
Your claws burn!
The jelly is almost dead.
The jelly barely misses you.
The gnoll shouts!
You mangle the jelly!!
You kill the jelly!
You hear a shout!
You see here a +0 robe.
There is a stone staircase leading up here.
The ogre hits you with a +0 giant spiked club!!
You climb upwards.
There is a stone staircase leading down here.
You claw the ogre! You claw the ogre.
The ogre is heavily wounded.
You scratch the ogre.
The ogre is heavily wounded.
The ogre closely misses you.
You barely miss the ogre. Your claw misses the ogre.
The ogre is heavily wounded.
You scratch the ogre.
The ogre is severely wounded.
The ogre hits you with a +0 giant spiked club!!
You completely miss the ogre.
The ogre is severely wounded.
You scratch the ogre but do no damage.
The ogre is severely wounded.
The ogre hits you with a +0 giant spiked club!!
* * * LOW HITPOINT WARNING * * *
You scratch the ogre.
The ogre is almost dead.
The ogre hits you with a +0 giant spiked club!!
Ouch! That really hurt!
You die...

#########################
#.....#.......#...'......
#.....#.......#...#......
#...†.#.......#...#......
#.....#.......#...#......
#.....#.......#...#......
##+###.##.######..######.#
#....#.##h##..##########.#
#....'...O...............#
#....#...................#
#....#######.###########.#
#####....###'##...######.#
#....#....#...#.......
#....+....'...#.......
#....#....#...#.......
#....#...>#...#.......


You could see an ogre.

Vanquished Creatures
  Sigmund (D:3)
  2 water moccasins
  An ogre (D:5)
  A phantom (D:4)
  A scorpion (D:4)
  2 hounds
  A jelly (D:5)
  A sleepcap (D:4)
  7 adders
  An ufetubus (D:5)
  6 worms
  3 dart slugs
  11 orcs
  4 endoplasms
  5 giant cockroaches
  10 goblins
  4 hobgoblins
  4 jackals (D:4)
  11 kobolds
  5 quokkas
  7 ball pythons
  2 bats (D:1)
  4 frilled lizards
  3 rats
97 creatures vanquished.

Notes
Turn   | Place    | Note
-------+----------+-------------------------------------------
     0 | D:1      | MacCMillion the Troll Shapeshifter began the quest for the
                  | Orb.
     0 | D:1      | Reached XP level 1. HP: 18/18 MP: 0/0
    91 | D:1      | Reached XP level 2. HP: 26/26 MP: 1/1
   172 | D:1      | Found Olic's Antique Armour Boutique.
   394 | D:1      | Found Jaotun's General Store.
   398 | D:1      | Bought a scroll of identify for 20 gold pieces
   563 | D:1      | Found Dashrir's Distillery.
   671 | D:2      | Reached skill level 4 in Unarmed Combat
   692 | D:2      | Reached XP level 3. HP: 17/32 MP: 2/2
   890 | D:2      | Found an ornate altar of the Wu Jian Council.
  1376 | D:3      | Reached XP level 4. HP: 40/40 MP: 3/3
  1402 | D:3      | Reached skill level 5 in Unarmed Combat
  1411 | D:3      | Noticed a water moccasin
  1423 | D:3      | Killed a water moccasin
  1424 | D:3      | Reached skill level 6 in Unarmed Combat
  1424 | D:3      | Reached XP level 5. HP: 21/46 MP: 4/4
  1530 | D:3      | Noticed Sigmund
  1564 | D:3      | Killed Sigmund
  1565 | D:3      | Reached skill level 7 in Unarmed Combat
  1565 | D:3      | Reached XP level 6. HP: 51/54 MP: 5/5
  2342 | D:4      | Found a staircase to the Ecumenical Temple.
  2366 | Temple   | Entered the Ecumenical Temple
  2486 | D:4      | Reached skill level 8 in Unarmed Combat
  2562 | D:4      | Found a glowing silver altar of Zin.
  2580 | D:4      | Reached XP level 7. HP: 59/61 MP: 6/6
  2744 | D:4      | Reached skill level 1 in Fighting
  2952 | D:5      | Entered Level 5 of the Dungeon
  3343 | D:4      | Annihilated by an ogre

Illustrated notes

Levels and vault maps discovered:
D:1:      erik_arrival_blinker_ship, layout_basic, serial_shops, shop,
          nicolae_shop_crystal, nicolae_shop_industrial_runoff
D:2:      layout_basic, basic_altar
D:3:      layout_basic, kennysheep_crisscross, uniq_sigmund
D:4:      layout_gridville, zin_statuary, minmay_temple_entry_purple_smoke
D:5:      layout_gridville, kennysheep_mini_moat, minitemple
Temple:   kb_temple_of_zot

Skill      XL: |  1  2  3  4  5  6  7 |
---------------+----------------------+-----
Unarmed Combat | 4 6 7 8 |  8.4
Fighting       | 2 |  2.3
Dodging        | |  1.5
Shapeshifting  | |  3.7

Action                     |  1- 3 |  4- 6 |  7- 9 || total
---------------------------+-------+-------+-------++-------
  Melee: Unarmed           |    90 |    98 |    51 ||   239
         Punch             |       |     2 |     4 ||     6
    Use: Scroll            |     1 |       |       ||     1
   Stab: Sleeping          |     1 |       |     1 ||     2
 Armour: Animal skin       |    24 |    19 |     6 ||    49
  Dodge: Dodged            |    27 |    34 |     9 ||    70

Table legend: (Time is in decaauts)
 A = Elapsed time spent in this place.
 B = Non-inter-level travel time spent in this place.
 C = Inter-level travel time spent in this place.
 D = Time resting spent in this place.
 E = Time spent auto-exploring this place.
 F = Levels seen in this place.
 G = Mean time per level.
                   A        B        C        D        E       F      G
               +--------+--------+--------+--------+--------+-----+--------+
         Total |   3315 |   3202 |    113 |    183 |   2406 |   6 |  552.5 |
       Dungeon |   3313 |   3200 |    113 |    183 |   2406 |   5 |  662.6 |
        Temple |      1 |      1 |      0 |      0 |      0 |   1 |    1.0 |
               +--------+--------+--------+--------+--------+-----+--------+

Top non-repeatable levels by time:
     D:3: 920 daAuts
     D:4: 729 daAuts
     D:1: 643 daAuts
     D:2: 639 daAuts
     D:5: 379 daAuts
  Temple: 1 daAuts
